 Dungeon Crawl Stone Soup version 0.29-a0-88-g03a7b78be7 (webtiles) character file.

Game seed: 13677504280143444418

700 innerfire433 the Magician (level 7, -2/39 HPs)
             Began as a Deep Elf Air Elementalist on Feb 5, 2022.
             Was an Initiate of the Shining One.
             Shot with an arrow by a centaur (9 damage)
             ... on level 5 of the Dungeon.
             The game lasted 00:17:03 (4984 turns).

innerfire433 the Magician (DEAE)                    Turns: 4984, Time: 00:17:03

Health: -2/39      AC:  3    Str:  7    XL:     7   Next: 38%
Magic:  17/17      EV: 12    Int: 20    God:    the Shining One [......]
Gold:   242        SH:  0    Dex: 13    Spells: 7/17 levels left

rFire   + . .      SeeInvis .   f - +2 dagger (speed)
rCold   + . .      Faith    .   (no shield)
rNeg    . . .      Spirit   .   a - +0 robe
rPois   .          Reflect  .   c - +1 hat
rElec   .          Harm     .   (no cloak)
rCorr   .          Rampage  .   (no gloves)
Will    .....                   (no boots)
Stlth   +.........              (no amulet)
HPRegen 0.13/turn               (no ring)
MPRegen 0.15/turn               (no ring)

@: confused, ambrosia-drunk, hasted, glowing, very quick
A: clumsy 1, cold resistance 1, fire resistance 1, robust 1
a: Renounce Religion


You were on level 5 of the Dungeon.
You worshipped the Shining One.
The Shining One was noncommittal.
You visited 1 branch of the dungeon, and saw 5 of its levels.

You collected 242 gold pieces.

Inventory:

Hand Weapons
 f - a +2 dagger of speed (weapon)
Missiles
 i - a boomerang
Armour
 a - a +0 robe (worn)
 c - a +1 hat (worn)
Wands
 d - a wand of acid (12)
 j - a wand of iceblast (4)
Scrolls
 b - 5 scrolls of identify
 g - 5 scrolls of teleportation
Potions
 e - a potion of flight
 l - a potion of haste


   Skills:
 + Level 4.2 Short Blades
 - Level 2.5 Dodging
 - Level 2.6 Stealth
 * Level 5.8 Spellcasting
 * Level 4.2 Conjurations
 * Level 4.8 Air Magic


You had 7 spell levels left.
You knew the following spells:

 Your Spells              Type           Power      Damage    Failure   Level
a - Shock                 Conj/Air       96%        1d9       1%          1
b - Static Discharge      Conj/Air       24%        N/A       2%          2
c - Swiftness             Air            25%        N/A       4%          3
d - Airstrike             Air            12%        N/A       14%         4

Your spell library contained the following spells:

 Spells                   Type           Power      Damage    Failure   Level
 Ensorcelled Hibernation  Hex/Ice        10%        N/A       16%         2
 Passwall                 Tmut/Erth      4%         N/A       16%         2


Dungeon Overview and Level Annotations

Branches:
Dungeon (5/15)
 Temple: D:4-7

Altars:
Ashenzari
Xom
Yredelemnul
The Shining One

Shops:
D:1 (


Innate Abilities, Weirdness & Mutations

You are clumsy. (Dex -2)
Your flesh is cold resistant. (rC+)
Your flesh is heat resistant. (rF+)
You are robust. (+10% HP)


Message History

Casting: Shock (safe; 1% risk of failure)
Confirm with . or Enter, or press ? or * to list all spells.
Aiming: Shock (safe; 1% risk of failure)
Press: ? - help, Shift-Dir - straight line, f/p - centaur
Aim: a centaur, wielding a +0 whip and quivering arrows (moderately wounded, 84% to hit)
The zap hits the ogre.
The ogre is heavily wounded.
The zap hits the centaur.
The centaur is heavily wounded.
The ogre hits you with a +0 giant club!!
Ouch! That really hurt!
You feel yourself speed up. The ogre closely misses you.
Casting: Shock (safe; 1% risk of failure)
Confirm with . or Enter, or press ? or * to list all spells.
Aiming: Shock (safe; 1% risk of failure)
Press: ? - help, Shift-Dir - straight line, f/p - centaur
Aim: a centaur, wielding a +0 whip and quivering arrows (moderately wounded, 84% to hit)
The zap hits the ogre!
The ogre is almost dead.
The zap hits the centaur.
The centaur is heavily wounded.
Casting: Shock (safe; 1% risk of failure)
Confirm with . or Enter, or press ? or * to list all spells.
Aiming: Shock (safe; 1% risk of failure)
Press: ? - help, Shift-Dir - straight line, f/p - centaur
Aim: a centaur, wielding a +0 whip and quivering arrows (heavily wounded, 84% to hit)
The zap hits the ogre!
You kill the ogre!
The zap hits the centaur but does no damage.
The centaur is heavily wounded.
The centaur unwields a +0 whip.
The centaur wields a +0 shortbow.
The centaur shoots an arrow.
The arrow hits you!
* * * LOW HITPOINT WARNING * * *
You are confused.
You feel invigorated.
The centaur shoots an arrow.
The arrow hits you.
* * * LOW HITPOINT WARNING * * *
You're too confused to cast spells.
Unknown command.
The centaur shoots an arrow.
The arrow hits you!
You die...

#.##.# #.##.# # #)##.#
##. #.##.# ##.##
##.##.# ##...# #..##.#
#....# #...#.# #....#
#...†.#
...#####..####@....#
[........c)........#
.....###.#...........)
... #.##.......####
.... . #.###.....##
.### #.# #....## #.#
#.#### #.# #.# #.# #.#


You could see a centaur.

Vanquished Creatures
  2 ogres
  A bullfrog (D:4)
  A water moccasin skeleton (D:5)
  2 hounds (D:4)
  3 orc priests (D:3)
  Jessica (D:3)
  17 adders
  A dart slug (D:2)
  13 orcs
  8 ball pythons
  3 bats
  3 endoplasms
  7 goblins
  8 hobgoblins
  2 jackals (D:1)
  4 kobolds
  A quokka (D:1)
  4 frilled lizards
  7 rats
88 creatures vanquished.

Notes
Turn   | Place    | Note
-------+----------+-------------------------------------------
     0 | D:1      | innerfire433 the Deep Elf Air Elementalist began the quest
                  | for the Orb.
     0 | D:1      | Reached XP level 1. HP: 10/10 MP: 6/6
   277 | D:1      | Reached XP level 2. HP: 15/15 MP: 5/8
   279 | D:1      | Found Adi Taex's Weapon Shoppe.
  1036 | D:2      | Reached XP level 3. HP: 19/19 MP: 8/10
  1775 | D:2      | Found a glowing golden altar of the Shining One.
  1819 | D:2      | Reached skill level 1 in Short Blades
  1819 | D:2      | Reached XP level 4. HP: 19/24 MP: 7/11
  1871 | D:2      | Became a worshipper of the Shining One
  1886 | D:2      | Reached skill level 4 in Spellcasting
  2281 | D:2      | Reached XP level 5. HP: 28/28 MP: 10/13
  2558 | D:3      | Found a faded altar of an unknown god.
  2565 | D:3      | Found a broken altar of Ashenzari.
  2608 | D:3      | Learned a level 2 spell: Static Discharge
  2612 | D:3      | Learned a level 3 spell: Swiftness
  2617 | D:3      | Learned a level 4 spell: Airstrike
  2703 | D:3      | Found a shimmering altar of Xom.
  2715 | D:3      | Found a basalt altar of Yredelemnul.
  3069 | D:3      | Gained mutation: Your flesh is heat resistant. (rF+)
                  | [potion of mutation]
  3069 | D:3      | Gained mutation: You are robust. (+10% HP) [potion of
                  | mutation]
  3069 | D:3      | Gained mutation: You are clumsy. (Dex -2) [potion of
                  | mutation]
  3069 | D:3      | Gained mutation: Your flesh is cold resistant. (rC+)
                  | [potion of mutation]
  3116 | D:3      | Reached XP level 6. HP: 16/35 MP: 8/15
  3298 | D:3      | Noticed Jessica
  3305 | D:3      | Killed Jessica
  3752 | D:4      | Reached skill level 5 in Spellcasting
  4203 | D:4      | Reached XP level 7. HP: 13/39 MP: 0/17
  4667 | D:5      | Entered Level 5 of the Dungeon
  4984 | D:5      | Shot with an arrow by a centaur

Illustrated notes

Levels and vault maps discovered:
D:1:      dpeg_arrival_rhombus, layout_loops_ring, serial_shops,
          nicolae_shop_bloodbath_and_beyond, minmay_tromino_i2
D:2:      mumra_celtic_spiral_tile, layout_basic, basic_altar,
          minmay_snake_closets
D:3:      layout_basic, ashenzari_conservatory_becter,
          amethyst_overflow_temple_binary, basic_ecumenical_altar, uniq_jessica
D:4:      layout_loops_ring
D:5:      layout_loops_ring, mainiacjoe_overflow_six_doors_small,
          uniq_crazy_yiuf_cottage

Skill      XL: |  1  2  3  4  5  6  7 |
---------------+----------------------+-----
Conjurations   | 2 3 4 |  4.2
Short Blades   | 1 2 4 |  4.2
Spellcasting   | 4 5 |  5.8
Air Magic      | 4 |  4.8
Dodging        | |  2.5
Stealth        | |  2.6

Action                   |  1- 3 |  4- 6 |  7- 9 || total
-------------------------+-------+-------+-------++-------
Melee: Dagger            |       |     9 |    12 ||    21
       Punch             |       |     2 |       ||     2
 Cast: Shock             |    63 |   115 |    27 ||   205
  Use: Potion            |       |     5 |     2 ||     7
       Scroll            |       |     9 |     1 ||    10
Armor: Robe              |     1 |     5 |     4 ||    10
Dodge: Dodged            |     8 |    22 |     4 ||    34

Table legend: (Time is in decaauts)
 A = Elapsed time spent in this place.
 B = Non-inter-level travel time spent in this place.
 C = Inter-level travel time spent in this place.
 D = Time resting spent in this place.
 E = Time spent auto-exploring this place.
 F = Levels seen in this place.
 G = Mean time per level.
                   A        B        C        D        E       F      G
               +--------+--------+--------+--------+--------+-----+--------+
         Total |   4969 |   4871 |     98 |      0 |   4295 |   5 |  993.8 |
       Dungeon |   4969 |   4871 |     98 |      0 |   4295 |   5 |  993.8 |
               +--------+--------+--------+--------+--------+-----+--------+

Top non-repeatable levels by time:
     D:2: 1442 daAuts
     D:3: 1334 daAuts
     D:4: 1003 daAuts
     D:1: 881 daAuts
     D:5: 308 daAuts
